 Dungeon Crawl Stone Soup version 0.32-a0-441-gaf4921d101 (webtiles) character file.

Game seed: 13302360392126426533

707975 Morbidden the Heavyweight Champion (level 27, -5/361 HPs)
             Began as a Troll Shapeshifter on Jan 25, 2024.
             Was a Priest of Cheibriados.
             Incinerated by a smoke demon (11 damage)
             ... with a pyre arrow
             ... on level 7 of the Abyss on Feb 23, 2024.
             The game lasted 02:33:07 (66949 turns).

Morbidden the Heavyweight Champion (TrSh)          Turns: 66949, Time: 02:33:08

Health: -5/361     AC: 34    Str: 50    XL:     27
Magic:  15/40      EV: 21    Int: 11    God:    Cheibriados [***...]
Gold:   5647       SH: 29    Dex: 17    Spells: 26/26 levels left

rFire   + .          .
                       - Unarmed
rCold   + + .        f - +8 tower shield {reflect}
rNeg    + + +        Z - melded +2 gold dragon scales
rPois   ∞            G - +2 hat {Stlth+}
rElec   +            X - scarf {rC+ rF+}
rCorr   .            (gloves unavailable)
SInv    +            (boots unavailable)
Will    ++...        S - amulet of the Briny Deep {RegenMP Fly rN+ MP+9 Str+3}
Stlth   ++           z - ring "Biddeumm" {Wiz ^Contam rPois rF++ rN+}
HPRegen 1.60/turn    m - ring of Betyam {Fly rF+ rC+ rN+ Int-2 SInv}
MPRegen 0.67/turn

%: reflection, wizardry (x1)
@: on fire, statue-form, flying, glowing, very slow
A: slow and powerful, torment resistance 1, boosted hp, large, unfitting armour,
claws 3, regeneration 1, (shaggy fur 1), (tough skin 1), hooves 1, agile 1,
deformed body, evolution 1, no potion heal 1, [clumsy 2], [deterioration 1],
[heat vulnerability 3], [inability to read after injury 1]
}: 4/15 runes: serpentine, barnacled, slimy, silver
a: Begin Untransformation, Renounce Religion, Bend Time, Temporal Distortion


You were on level 7 of the Abyss.
You worshipped Cheibriados.
Cheibriados was most pleased with you.
You were a living statue of rough stone.
You visited 13 branches of the dungeon, and saw 57 of its levels.
You visited the Abyss 3 times.
You visited 1 bazaar.
You also visited: Ossuary, Ice Cave and Volcano.

You collected 9984 gold pieces.
You spent 4337 gold pieces at shops.

Inventory:

Hand Weapons
 b - a +9 hand cannon of flaming
Missiles
 d - 5 silver javelins
 i - 4 throwing nets
 k - 4 javelins
 r - 115 large rocks
 L - 15 curare-tipped darts
 M - 33 boomerangs (quivered)
Armour
 f - a +8 tower shield of reflection (worn)
 G - a +2 hat of stealth (worn)
 X - a scarf of resistance (worn)
 Z - +2 gold dragon scales (melded)
Jewellery
 c - the ring of the Republic {Wiz ^Drain Str+7}
   (You took it off a deep elf high priest on level 5 of the Vaults)

   [ring of wizardry]

   Wiz:       It improves your spell success rate.
   Str+7:     It affects your strength (+7).
   ^Drain:    It drains your maximum health when unequipped.
 j - the ring of Binwain {rPois Str+9 Dex-4 Slay+3 SInv}
   (You took it off a deep elf sorcerer on level 3 of the Elven Halls)

   [ring of see invisible]

   Str+9:     It affects your strength (+9).
   Dex-4:     It affects your dexterity (-4).
   Slay+3:    It affects your accuracy & damage with ranged weapons and melee
   (+3).
   rPois:     It protects you from poison SInv: It lets you see invisible.
 m - the ring of Betyam (right claw) {Fly rF+ rC+ rN+ Int-2 SInv}
   (You took it off a deep elf blademaster on level 3 of the Elven Halls)

   [ring of flight]

   Int-2:     It affects your intelligence (-2).
   rF+:       It protects you from fire.
   rC+:       It protects you from cold.
   rN+:       It protects you from negative energy.
   SInv:      It lets you see invisible.
   Fly:       It grants you flight.
 z - the ring "Biddeumm" (left claw) {Wiz ^Contam rPois rF++ rN+}
   (You found it on level 12 of the Dungeon)

   [ring of wizardry]

   Wiz:       It improves your spell success rate.
   rF++:      It greatly protects you from fire.
   rPois:     It protects you from poison rN+: It protects you from negative
   energy.
   ^Contam:   It causes magical contamination when unequipped.
 H - a ring of resist corrosion
 R - the ring of Mujir {Will+ Int+2 Slay+3 SInv Stlth-}
   (You found it on level 5 of the Lair of Beasts)

   [ring of willpower]

   Int+2:     It affects your intelligence (+2).
   Slay+3:    It affects your accuracy & damage with ranged weapons and melee
   (+3).
   Will+:     It increases your willpower.
   SInv:      It lets you see invisible.
   Stlth-:    It makes you less stealthy.
 S - the amulet of the Briny Deep (around neck) {RegenMP Fly rN+ MP+9 Str+3}
   (You bought it in a shop in a bazaar)

   [amulet of magic regeneration]

   RegenMP:   It increases your rate of magic regeneration.
   Str+3:     It affects your strength (+3).
   rN+:       It protects you from negative energy.
   MP+9:      It affects your magic capacity (+9).
   Fly:       It grants you flight.
Talismans
 x - a granite talisman (active)
 y - a serpent talisman
 Q - the storm talisman of Poaptips {*Corrode Dex-2 SInv Stlth+}
   (You bought it in a shop in a bazaar)

   [storm talisman]

   Dex-2:     It affects your dexterity (-2).
   SInv:      It lets you see invisible.
   *Corrode:  It may corrode you when you take damage.
   Stlth+:    It makes you more stealthy.
Wands
 q - a wand of iceblast (82)
 t - a wand of flame (173)
 B - a wand of digging (21)
 C - a wand of mindburst (28)
 W - a wand of acid (78)
Scrolls
 l - 8 scrolls of immolation
 s - 5 scrolls of poison
 u - 2 scrolls of silence
 v - a scroll of acquirement
 w - 28 scrolls of identify
 E - 9 scrolls of revelation
 K - 3 scrolls of teleportation
 T - 7 scrolls of fog
 U - 2 scrolls of butterflies
Potions
 a - 9 potions of might
 h - 4 potions of cancellation
 n - 12 potions of curing
 o - 6 potions of mutation
 p - 7 potions of enlightenment
 A - a potion of resistance
 D - a potion of invisibility
 I - 6 potions of berserk rage
 N - 5 potions of ambrosia
 O - 4 potions of magic
Miscellaneous
 e - a phial of floods
 g - a box of beasts
 F - a lightning rod (4/4)
 J - a phantom mirror
 P - a tin of tremorstones (1/2)


   Skills:
 * Level 17.0 Fighting
 + Level 0.2 Ranged Weapons
 * Level 13.2 Throwing
 + Level 2.0 Armour
 * Level 19.9 Dodging
 + Level 5.5 Stealth
 + Level 17.6 Shields
 O Level 27 Unarmed Combat
 - Level 13.0 Invocations
 * Level 6.4 Evocations
 * Level 20.4 Shapeshifting


You had 26 spell levels left.
You didn't know any spells.
Your spell library contained the following spells:

 Spells                   Type           Power      Damage    Failure   Level
 Foxfire                  Conj/Fire      0%         2x1d4     21%         1
 Magic Dart               Conj           0%         1d3       21%         1
 Sandblast                Erth           0%         2d4       21%         1
 Shock                    Conj/Air       0%         1d3       21%         1
 Slow                     Hex            0%         N/A       21%         1
 Call Imp                 Summ           0%         N/A       28%         2
 Cigotuvi's Dreadful Rot  Necr/Alch/Air  0%         N/A       28%         2
 Ensorcelled Hibernation  Hex/Ice        0%         N/A       28%         2
 Jinxbite                 Hex            0%         N/A       28%         2
 Lesser Beckoning         Tloc           0%         N/A       28%         2
 Mercury Vapours          Alch/Air       0%         N/A       28%         2
 Searing Ray              Conj           0%         2d4       28%         2
 Static Discharge         Conj/Air       0%         3-3/arc   28%         2
 Call Canine Familiar     Summ           0%         N/A       50%         3
 Confusing Touch          Hex            0%         N/A       50%         3
 Dazzling Flash           Conj/Hex       0%         N/A       50%         3
 Frozen Ramparts          Ice            0%         1d1       50%         3
 Fugue of the Fallen      Necr           0%         N/A       50%         3
 Gell's Gravitas          Tloc           0%         N/A       50%         3
 Hailstorm                Conj/Ice       0%         3d5       50%         3
 Inner Flame              Hex/Fire       0%         N/A       50%         3
 Mephitic Cloud           Conj/Alch/Air  0%         N/A       50%         3
 Ozocubu's Armour         Ice            0%         N/A       50%         3
 Passwall                 Erth           0%         N/A       50%         3
 Sigil of Binding         Hex            0%         N/A       50%         3
 Stone Arrow              Conj/Erth      0%         3d7       50%         3
 Summon Ice Beast         Ice/Summ       0%         N/A       50%         3
 Swiftness                Air            0%         N/A       50%         3
 Teleport Other           Tloc           0%         N/A       50%         3
 Tukima's Dance           Hex            0%         N/A       50%         3
 Vampiric Draining        Necr           0%         2d6       50%         3
 Volatile Blastmotes      Fire/Tloc      0%         2d10      50%         3
 Airstrike                Air            0%         2d(0-16)  86%         4
 Anguish                  Hex/Necr       0%         N/A       86%         4
 Animate Armour           Summ/Erth      0%         N/A       86%         4
 Animate Dead             Necr           0%         N/A       86%         4
 Brom's Barrelling Bould  Conj/Erth      0%         2d3       86%         4
 Dimensional Bullseye     Hex/Tloc       0%         N/A       86%         4
 Dispel Undead            Necr           0%         3d6       86%         4
 Flame Wave               Conj/Fire      0%         2d4       86%         4
 Fulminant Prism          Conj/Alch      0%         3d5       86%         4
 Ignite Poison            Fire/Alch      0%         N/A       86%         4
 Iskenderun's Mystic Bla  Conj/Tloc      0%         2d3       86%         4
 Leda's Liquefaction      Alch/Erth      0%         N/A       86%         4
 Manifold Assault         Tloc           0%         N/A       86%         4
 Passage of Golubria      Tloc           0%         N/A       86%         4
 Petrify                  Alch/Erth      0%         N/A       86%         4
 Sticky Flame             Fire/Alch      0%         2d4       86%         4
 Summon Blazeheart Golem  Fire/Summ      0%         N/A       86%         4
 Summon Lightning Spire   Summ/Air       0%         N/A       86%         4
 Vhi's Electric Charge    Tloc/Air       0%         N/A       86%         4
 Alistair's Intoxication  Alch           0%         N/A       99%         5
 Arcjolt                  Conj/Air       0%         1d10      99%         5
 Borgnjor's Vile Clutch   Necr/Erth      0%         N/A       99%         5
 Freezing Cloud           Conj/Ice/Air   0%         6-21      99%         5
 Irradiate                Conj/Alch      0%         3d11      99%         5
 Lee's Rapid Deconstruct  Erth           0%         3d4*      99%         5
 Metabolic Englaciation   Hex/Ice        0%         N/A       99%         5
 Silence                  Hex/Air        0%         N/A       99%         5
 Summon Forest            Summ/Tloc      0%         N/A       99%         5
 Summon Mana Viper        Hex/Summ       0%         N/A       99%         5
 Yara's Violent Unravell  Hex/Alch       0%         3d3       99%         5
 Bombard                  Conj/Erth      0%         9d1       100%        6
 Conjure Ball Lightning   Conj/Air       0%         3x3d6     100%        6
 Dispersal                Tloc           0%         N/A       100%        6
 Eringya's Noxious Bog    Alch           0%         4d6       100%        6
 Plasma Beam              Fire/Air       0%         2x1d10    100%        6
 Sculpt Simulacrum        Ice/Alch       0%         N/A       100%        6
 Starburst                Conj/Fire      0%         6d3       100%        6
 Summon Cactus Giant      Summ           0%         N/A       100%        6
 Enfeeble                 Hex            0%         N/A       100%        7
 Haunt                    Necr/Summ      0%         N/A       100%        7
 Malign Gateway           Summ/Tloc      0%         N/A       100%        7
 Orb of Destruction       Conj           0%         9d5       100%        7
 Spellforged Servitor     Conj/Summ      0%         N/A       100%        7
 Summon Hydra             Summ           0%         N/A       100%        7
 Borgnjor's Revivificati  Necr           0%         N/A       100%        8
 Discord                  Hex            0%         N/A       100%        8
 Disjunction              Tloc           0%         N/A       100%        8
 Ignition                 Fire           0%         3d3       100%        8
 Infestation              Necr           0%         N/A       100%        8
 Lehudib's Crystal Spear  Conj/Erth      0%         10d2      100%        8
 Maxwell's Capacitive Co  Air            0%         ∞         100%        8
 Death's Door             Necr           0%         N/A       100%        9
 Dragon's Call            Summ           0%         N/A       100%        9
 Sublimation of Blood     Necr           Unusable   N/A       N/A         2

Dungeon Overview and Level Annotations

Branches:
Dungeon (15/15)            Temple (0/1) D:5            Lair (5/5) D:10
 Shoals (4/4) Lair:2        Snake (4/4) Lair:2        Slime (5/5) Lair:5
    Orc (2/2) D:10            Elf (3/3) Orc:2        Vaults (5/5) D:13
  Crypt (3/3) Vaults:3       Tomb (1/3) Crypt:3      Depths (4/4) D:15
   Hell (visited)             Zot (5/5) Depths:4    Ossuary (visited)
  IceCv (visited)         Volcano (visited)
    Dis: Hell:1         Geh: Hell:1         Coc: Hell:1         Tar: Hell:1

Altars:
Ashenzari
Cheibriados
Fedhas
Kikubaaqudgha
Vehumet
Yredelemnul
Zin
The Shining One
Jiyva
Lugonu

Shops:
D:5 (   D:6 *   D:8 *   Orc:1 *   Orc:2 =([?   Elf:3 (   Snake:1 =?
Vaults:2 :   Depths:1 *

Portals:
Hell: Depths:1 Depths:2 Depths:3 Depths:4
Abyss: Lair:5 Depths:3
Pandemonium: Depths:2 Depths:3
Ziggurat: Depths:1

Annotations:
D:8 exclusion: oklob plant
Lair:4 Bag Taf's ghost, journeyman SpEn
Hell Geryon


Innate Abilities, Weirdness & Mutations

You are a living statue of rough stone.
Your actions are slow, but your melee attacks are powerful.
You are resistant to unholy torment.
Your maximum health is greatly increased.
Your equipment is partially melded.
You are too large for most types of armour.
You are immune to poison.
You have claws for hands.
Your natural rate of healing is unusually fast.
((You are covered in fur. (AC +1)))
((You have tough skin. (AC +1)))
You have large cloven feet.
You are agile. (Dex +4, Str/Int -1)
Armour fits poorly on your strangely shaped body.
You have hidden genetic potential.
Potions are less effective at restoring your health.
[You are very clumsy. (Dex -4)]
[Your body sometimes deteriorates upon taking damage.]
[You are extremely vulnerable to heat. (rF---)]
[You occasionally lose the ability to read scrolls when taking damage.]


Message History

The raiju bursts into living lightning!
The living lightning hits you. You resist.
* * * LOW HITPOINT WARNING * * *
The raiju blinks!
Unknown command.
Unknown command.
You barely miss the raiju. Your kick misses the raiju.
The raiju is almost dead.
The liquid fire burns you!
* * * LOW HITPOINT WARNING * * *
You block the raiju's attack.
A deep elf elementalist comes into view.
It is wielding a +0 long sword.
Unknown command.
Unknown command.
You eviscerate the raiju!!!!
You kill the raiju!
Cheibriados appreciates the change of pace.
The liquid fire burns you!
* * * LOW HITPOINT WARNING * * *
You are suddenly pulled into a different region of the Abyss!
The abyss shimmers again as the detected abyssal rune vanishes from your memory and reappears.
A cherub comes into view.
It is wielding a +1 long sword of flaming.
The cherub's lion head roars!
A cherub comes into view.
It is wielding a +3 scimitar of flaming.
The cherub's ox head lows!
You feel the corruption within you wane somewhat.
You feel robust.
You no longer become unable to drink potions after taking damage.
You lose the ability to read scrolls when taking damage less often.
Found a runelight.
Unknown command.
Unknown command.
Unknown command.
Unknown command.
Unknown command.
Your system partially rejects the healing.
You feel better. The liquid fire burns you!
You die...
Cheibriados appreciates the motionlessness of death.

φ
#A#+#A#
#§§.§§#
#...§.#
#.I...#
##...##
##⌠##
+#


You could see 2 cherubim.

Vanquished Creatures
  the Royal Jelly (Slime:5)
  4 dread liches
  An ancient lich (Zot:5)
  6 orbs of fire
  2 juggernauts (Depths:3)
  Boris (twice) (Elf:3 Vaults:1)
  A shard shrike (IceCv)
  5 Killer Klowns
  4 curse toes
  Saint Roka (Vaults:4)
  2 caustic shrikes
  13 golden dragons
  A profane servitor (Crypt:3)
  Jory (Crypt:3)
  A pearl dragon (Abyss:4)
  A bone dragon (Crypt:3)
  4 electric golems
  A shard shrike zombie (Crypt:3)
  16 tentacled monstrosities
  25 Orb Guardians (Zot:5)
  13 liches
  Zenata (Vaults:2)
  A walking earthen tome (Depths:3)
  2 deep elf blademasters (Elf:3)
  9 quicksilver dragons
  5 titans
  8 sphinxes
  2 deep elf master archers (Elf:3)
  3 ancient champions (Crypt:2)
  31 acid blobs
  Polyphemus (Shoals:3)
  Gastronok (D:9)
  9 death cobs
  11 tentacled starspawn
  8 krakens
  8 tengu reavers
  16 rockslimes
  Roxanne (Snake:4)
  6 nagarajas
  Donald (Elf:1)
  8 shadow dragons
  2 daevas (Abyss:2)
  12 storm dragons
  4 revenants
  9 draconian monks
  Aizul (Elf:3)
  6 deep elf sorcerers (Elf:3)
  5 protean progenitors
  8 azure jellies
  7 fire giants
  4 iron dragons
  8 draconian scorchers
  A balrug (Depths:2)
  12 frost giants
  16 vault wardens
  4 deep elf elementalists (Elf:3)
  8 draconian knights
  5 draconian shifters
  2 caustic shrike zombies (Crypt:3)
  10 spriggan defenders
  3 ghost moths
  7 draconian stormcallers
  5 curse skulls
  12 quicksilver oozes
  2 orc warlords
  2 cacodemons
  18 ironbound preservers
  21 stone giants
  9 ghouls
  6 ironbound thunderhulks
  An ophan (Abyss:7)
  9 draconian annihilators
  7 vampire knights
  29 very ugly things
  2 broodmothers (Zot:5)
  7 formless jellyfish
  6 deep elf demonologists
  12 green draconians
  A wendigo (Depths:1)
  7 deep elf death magi
  A lorocyproca (Abyss:3)
  14 dire elephants
  2 war gargoyles (Vaults:5)
  11 purple draconians
  7 deep elf annihilators
  7 spark wasps (Depths:3)
  9 yellow draconians
  11 red draconians
  16 white draconians
  18 black draconians
  An acid blob zombie (Crypt:2)
  12 ettins
  Snorg (Lair:3)
  5 eidola
  Josephine (D:13)
  A quicksilver dragon zombie (Abyss:3)
  8 merfolk impalers
  5 blizzard demons
  A mummy priest (Crypt:3)
  4 merfolk javelineers
  2 crystal guardians
  13 fire dragons
  10 deep elf high priests
  2 jiangshi
  An entropy weaver (shapeshifter) (Vaults:5)
  An entropy weaver (Vaults:1)
  10 yaktaur captains
  6 rakshasas
  2 peacekeepers (Vaults:2)
  4 spriggan air magi
  The ghost of Drangen the Skirmisher, a journeyman GnHu of Okawaru (D:12)
  2 catoblepae
  A hell beast (Depths:2)
  2 hydras (Lair:4)
  13 ice dragons
  A salamander tyrant (Snake:4)
  34 vault guards
  2 caustic shrike simulacra
  6 merfolk avatars
  2 ogre magi (Vaults:5)
  13 two-headed ogres
  7 great orbs of eyes
  Erica (D:8)
  10 centaur warriors
  6 death knights
  4 satyrs (Shoals:4)
  The ghost of lis82 the Frost Mage, a journeyman DgIE (D:12)
  7 anacondas
  A spriggan skeleton (Crypt:1)
  22 dancing weapons
  19 naga warriors
  12 ironbound frosthearts
  2 merfolk aquamancers (Shoals:4)
  An alligator snapping turtle (Shoals:3)
  10 boulder beetles
  3 death yaks (Shoals:3)
  4 tengu warriors
  55 thrashing horrors
  13 deep troll shamans
  3 vampire magi
  8 hell hogs
  11 naga sharpshooters
  13 deep troll earth magi
  7 spriggan berserkers
  2 titan zombies
  2 occultists
  8 orc high priests
  3 soul eaters
  10 hell knights
  A spectral storm dragon (Crypt:2)
  3 sun demons (D:15)
  5 skysharks
  22 deep elf knights
  A fire crab (shapeshifter) (Depths:3)
  7 shock serpents
  10 wretched stars
  A spectral spark wasp (Depths:2)
  10 iron trolls
  2 spatial maelstroms
  A spark wasp zombie (Crypt:2)
  A salamander mystic (Snake:4)
  29 skeletal warriors
  A shadow wraith (Abyss:6)
  A ghost moth zombie (Crypt:2)
  A sixfirhy (Abyss:2)
  2 fire crabs (Volcano)
  An anaconda zombie (Crypt:3)
  56 deep trolls
  11 mana vipers
  10 glowing orange brains
  9 sea snakes
  Lodul (D:11)
  An orange crystal statue (IceCv)
  14 deep elf archers
  A shock serpent (shapeshifter) (Depths:1)
  5 naga ritualists
  12 flayed ghosts
  8 arcanists
  A deep troll (shapeshifter) (Elf:1)
  17 orc knights
  An obsidian statue (Zot:5)
  14 ironbound convokers
  A bog body (Crypt:2)
  10 lindwurms
  An anaconda skeleton (Crypt:2)
  An iron dragon zombie (Crypt:1)
  2 spriggan simulacra
  31 deep elf pyromancers
  Pikel (D:7)
  16 harpies
  21 deep elf zephyrmancers
  25 phantasmal warriors
  2 swamp dragons (shapeshifter)
  A shadow dragon zombie (Crypt:3)
  20 fauns
  3 will-o-the-wisps
  4 cyclopes
  5 spectral ice dragons (Crypt:2)
  A shining eye (shapeshifter) (Vaults:4)
  61 ugly things
  5 necromancers
  A spectral fire dragon (Crypt:2)
  4 orc sorcerers
  9 elephants
  12 manticores
  7 salamanders
  Maurice (D:7)
  31 moths of wrath
  A faun (shapeshifter) (Vaults:5)
  4 worldbinders
  3 meliai (D:13)
  A human skeleton (Vaults:1)
  5 shining eyes
  34 black mambas
  A kobold blastminer (Orc:1)
  A dire elephant zombie (Crypt:3)
  24 large abominations
  A centaur zombie (Crypt:3)
  12 merfolk sirens
  16 naga magi
  17 vault sentinels
  113 slime creatures
  4 guardian serpents
  An orange demon (Abyss:7)
  2 water nymphs (Shoals:4)
  An eye of devastation (shapeshifter) (Vaults:4)
  6 eyes of devastation
  3 torpor snails
  16 smoke demons
  13 cane toads
  A gargoyle (D:12)
  7 komodo dragons
  31 yaktaurs
  2 unseen horrors
  An alligator snapping turtle skeleton (Crypt:2)
  A green draconian zombie (Crypt:1)
  3 kobold demonologists
  12 rime drakes
  12 freezing wraiths
  A black draconian skeleton (Crypt:1)
  4 red devils (D:14)
  A tormentor (Abyss:2)
  2 efreet
  2 tengu conjurers (Depths:4)
  A hydra zombie (Crypt:1)
  9 ancient zymes
  3 harpy zombies
  A silent spectre (Abyss:2)
  4 trolls
  2 guardian mummies (Tomb:1)
  11 wind drakes
  A hellwing (Abyss:2)
  20 merfolk
  Grinder (D:4)
  27 blink frogs
  A wolf spider simulacrum (D:14)
  4 tyrant leeches (Depths:2)
  6 hornets
  22 polar bears (IceCv)
  49 raiju
  6 snapping turtles
  8 dream sheep
  6 glass eyes
  A fire dragon zombie (Crypt:2)
  A dream sheep (shapeshifter) (Abyss:2)
  Sigmund (D:5)
  2 ettin skeletons (Vaults:1)
  A black mamba zombie (Crypt:1)
  14 small abominations
  20 wraiths
  2 air elementals
  3 shadows
  5 ynoxinuls
  4 spriggans
  A fire bat (Volcano)
  2 ushabtiu
  65 yaks
  2 spriggans (shapeshifter)
  29 water elementals
  4 wyverns
  78 starcursed masses
  A golden eye (shapeshifter) (Lair:5)
  4 basilisks
  A hog (shapeshifter) (Lair:5)
  16 golden eyes
  5 neqoxecs
  A black mamba skeleton (Crypt:1)
  4 wargs
  10 vampire mosquitoes
  5 chaos spawn
  6 redbacks
  Menkaure (D:4)
  An elf skeleton (Vaults:1)
  A naga (shapeshifter) (Depths:3)
  An acid dragon (D:13)
  A two-headed ogre zombie (Crypt:2)
  14 water moccasins
  64 nagas
  A spatial vortex (Abyss:7)
  Duvessa (D:5)
  A cane toad zombie (Crypt:1)
  A water nymph skeleton (Crypt:1)
  2 hell hounds (Orc:2)
  A black bear (Lair:1)
  A meliai simulacrum (D:15)
  57 laughing skulls
  47 orc warriors
  A manticore zombie (Crypt:2)
  15 ogres
  10 wolves
  11 centaurs
  A lemure (D:7)
  3 phantoms
  A swamp dragon skeleton (Crypt:1)
  6 kobold brigands
  Blork the orc (D:5)
  2 brain worms (Abyss:3)
  2 weeping skulls (Abyss:3)
  5 earth elementals
  14 necrophages
  A gnoll sergeant (D:9)
  14 bullfrogs
  2 scorpions
  18 wights
  9 wyvern skeletons (Crypt:3)
  A burial acolyte (Ossuary)
  Dowan (D:5)
  5 spriggan zombies
  A human simulacrum (Vaults:1)
  10 killer bees
  8 howler monkeys
  4 electric eels
  A wolf zombie (Crypt:2)
  4 lava snakes
  Crazy Yiuf (D:2)
  3 hounds
  2 quasits (Abyss:2)
  5 jellies
  33 orc priests
  2 bombardier beetles
  A gnoll bouda (D:7)
  3 iguanas
  An iron imp (Abyss:2)
  A sleepcap (D:6)
  Natasha (D:2)
  28 orc wizards
  A boggart skeleton (Crypt:2)
  An acid dragon skeleton (Crypt:2)
  A mummy (Crypt:3)
  13 gnolls
  12 adders
  A white imp (D:8)
  An ufetubus (Abyss:2)
  An adder skeleton (Ossuary)
  4 ribbon worms
  4 dart slugs
  111 orcs
  9 endoplasms
  2 giant cockroaches
  7 goblins
  8 hobgoblins
  13 jackals
  7 quokkas
  8 ball pythons
  6 bats
  A dart slug zombie (Crypt:1)
  2 frilled lizards
  31 kobolds
  5 kobold skeletons (Ossuary)
  A rat (D:1)
  10 starspawn tentacles
  28 tentacles
3115 creatures vanquished.

Vanquished Creatures (collateral kills)
  A moth of wrath (Zot:2)
1 creature vanquished.

Vanquished Creatures (others)
  A lich (Depths:3)
  A vampire knight (Depths:3)
  A naga sharpshooter (Snake:2)
  2 deep elf knights
  A thrashing horror (Abyss:6)
  A wretched star (Abyss:7)
  An arcanist (Vaults:4)
  A spriggan simulacrum (Depths:1)
  A deep elf zephyrmancer (Elf:3)
  An ironbound convoker (Vaults:3)
  A faun (Shoals:4)
  A manticore (Shoals:4)
  A large abomination (Abyss:2)
  A smoke demon (Abyss:6)
  A stone giant simulacrum (Depths:1)
  A small abomination (Abyss:3)
  2 laughing skulls
  A crimson imp (Abyss:6)
  A starcursed mass (Abyss:7)
  2 orcs (Vaults:5)
  13 foxfires
  A lurking horror (Abyss:7)
  20 starspawn tentacles
  32 tentacles
89 creatures vanquished.

Grand Total: 3205 creatures vanquished

Notes
Turn   | Place    | Note
-------+----------+-------------------------------------------
     0 | D:1      | Morbidden the Troll Shapeshifter began the quest for the
                  | Orb.
     0 | D:1      | Reached XP level 1. HP: 18/18 MP: 0/0
   159 | D:1      | Reached XP level 2. HP: 25/26 MP: 1/1
   368 | D:1      | Reached XP level 3. HP: 32/32 MP: 2/2
  1025 | D:2      | Reached skill level 1 in Fighting
  1077 | D:2      | Found a runed translucent door.
  1078 | D:2      | Noticed Crazy Yiuf
  1143 | D:2      | Reached XP level 4. HP: 28/41 MP: 3/3
  1145 | D:2      | Reached skill level 4 in Unarmed Combat
  1377 | D:2      | Found a faded altar of an unknown god.
  1377 | D:2      | Noticed Natasha
  1382 | D:2      | Killed Natasha
  1415 | D:2      | Found a snail-covered altar of Cheibriados.
  1435 | D:2      | Became a worshipper of Cheibriados the Contemplative
  1543 | D:2      | Reached XP level 5. HP: 48/48 MP: 4/4
  1847 | D:3      | Reached * piety under Cheibriados
  1874 | D:3      | Noticed a phantom
  1881 | D:3      | Killed a phantom
  1882 | D:3      | Reached skill level 5 in Unarmed Combat
  1882 | D:3      | Reached skill level 1 in Invocations
  1988 | D:3      | Reached XP level 6. HP: 55/55 MP: 5/5
  2126 | D:3      | Reached skill level 1 in Throwing
  2472 | D:4      | Noticed Grinder
  2485 | D:4      | Paralysed by Grinder for 5 turns
  2494 | D:4      | Killed Grinder
  2530 | D:4      | Reached XP level 7. HP: 63/63 MP: 6/6
  2540 | D:4      | Found a sand-covered staircase.
  2553 | Ossuary  | Entered an ossuary
  2594 | Ossuary  | Reached skill level 6 in Unarmed Combat
  2645 | Ossuary  | Reached ** piety under Cheibriados
  2957 | D:4      | Noticed Menkaure
  2961 | D:4      | Killed Menkaure
  2962 | D:4      | Reached XP level 8. HP: 72/72 MP: 8/8
  3047 | D:4      | Identified the +5 sling "Naemod" {elec, rC+ Will+}
  3494 | D:5      | Entered Level 5 of the Dungeon
  3519 | D:5      | Reached skill level 7 in Unarmed Combat
  3652 | D:5      | Noticed Blork the orc
  3664 | D:5      | Killed Blork the orc
  3664 | D:5      | Reached *** piety under Cheibriados
  3715 | D:5      | Noticed Duvessa
  3716 | D:5      | Noticed Dowan
  3722 | D:5      | Killed Duvessa
  3730 | D:5      | Killed Dowan
  3816 | D:5      | Found Suedgh's Weapon Emporium.
  3878 | D:5      | Reached skill level 8 in Unarmed Combat
  3883 | D:5      | Reached skill level 1 in Stealth
  3935 | D:5      | Noticed Sigmund
  3944 | D:5      | Killed Sigmund
  3945 | D:5      | Reached XP level 9. HP: 78/80 MP: 10/10
  3986 | D:5      | Found a staircase to the Ecumenical Temple.
  4049 | D:6      | Found Kewnoin's General Store.
  4056 | D:6      | Bought a scroll of revelation for 90 gold pieces
  4206 | D:6      | Reached skill level 5 in Shapeshifting
  4737 | D:7      | Identified the +0 cloak of Snakes and Ladders {SInv}
  4866 | D:7      | Reached **** piety under Cheibriados
  4880 | D:7      | Noticed Maurice
  4884 | D:7      | Maurice stole a blade talisman
  4885 | D:7      | Maurice stole 257 gold
  4888 | D:7      | Killed Maurice
  4889 | D:7      | Reached skill level 9 in Unarmed Combat
  4958 | D:7      | Found a glowing silver altar of Zin.
  5210 | D:7      | Noticed Pikel
  5218 | D:7      | Killed Pikel
  5570 | D:8      | Found Getsoc's Overcharged Wands.
  5635 | D:8      | Reached XP level 10. HP: 73/91 MP: 12/12
  5766 | D:8      | Reached skill level 10 in Unarmed Combat
  5811 | D:8      | Reached ***** piety under Cheibriados
  5815 | D:8      | Reached skill level 5 in Dodging
  6556 | D:8      | Found a blossoming altar of Fedhas.
  6571 | D:8      | Noticed an oklob plant
  6638 | D:9      | Noticed Erica
  6658 | D:8      | Killed Erica
  6796 | D:9      | Reached skill level 11 in Unarmed Combat
  6965 | D:9      | Noticed Gastronok
  6976 | D:9      | Killed Gastronok
  6977 | D:9      | Reached XP level 11. HP: 54/100 MP: 13/13
  7505 | D:9      | Got Vyupoir's Information on Aerial Assaults
  7612 | D:10     | Entered Level 10 of the Dungeon
  7689 | D:10     | Found a staircase to the Orcish Mines.
  7756 | D:10     | Reached ****** piety under Cheibriados
  7925 | D:10     | Reached skill level 5 in Invocations
  8011 | D:10     | Reached skill level 12 in Unarmed Combat
  8312 | D:10     | Found a staircase to the Lair.
  8591 | D:11     | Identified the +0 pair of gloves of Oxulug {+Inv rElec
                  | Str+3 Dex-4}
  8627 | D:11     | Noticed Lodul
  8635 | D:11     | Killed Lodul
  8958 | D:11     | Reached skill level 5 in Fighting
  9183 | D:11     | Noticed a two-headed ogre
  9191 | D:11     | Killed a two-headed ogre
  9322 | Lair:1   | Entered Level 1 of the Lair of Beasts
  9646 | Lair:1   | Reached XP level 12. HP: 110/111 MP: 15/15
  9905 | Lair:1   | Reached skill level 1 in Shields
  9934 | Lair:1   | Reached skill level 13 in Unarmed Combat
 10437 | Lair:2   | Reached skill level 5 in Throwing
 10639 | Lair:2   | Identified the +5 quarterstaff of Bienid {speed, Int+3}
 10790 | Lair:2   | Found a staircase to the Snake Pit.
 10938 | Lair:2   | Found a staircase to the Shoals.
 11473 | Lair:3   | Reached XP level 13. HP: 86/120 MP: 17/17
 11553 | Lair:3   | Noticed Snorg
 11560 | Lair:3   | Killed Snorg
 11705 | Lair:3   | Reached skill level 14 in Unarmed Combat
 13018 | Lair:4   | Found a runed translucent gate.
 13018 | Lair:4   | Found a runed translucent gate.
 13018 | Lair:4   | Found a runed translucent gate.
 13018 | Lair:4   | Noticed an acid blob
 13018 | Lair:4   | Noticed a quicksilver ooze
 13018 | Lair:4   | Noticed an acid blob
 13019 | Lair:4   | Noticed an azure jelly
 13019 | Lair:4   | Noticed an azure jelly
 13019 | Lair:4   | Noticed an acid blob
 13019 | Lair:4   | Noticed a rockslime
 13019 | Lair:4   | Noticed Bag Taf's ghost (journeyman SpEn)
 13019 | Lair:4   | Noticed an azure jelly
 13019 | Lair:4   | Noticed an acid blob
 13019 | Lair:4   | Noticed an acid blob
 13020 | Lair:4   | Noticed an acid blob
 13020 | Lair:4   | Noticed an azure jelly
 13411 | Lair:4   | Found a viscous altar of Jiyva.
 13878 | Lair:5   | Entered Level 5 of the Lair of Beasts
 14101 | Lair:5   | Reached XP level 14. HP: 131/131 MP: 18/18
 14161 | Lair:5   | Found a corrupted altar of Lugonu.
 14161 | Lair:5   | Found a one-way gate to the infinite horrors of the Abyss.
 14166 | Lair:5   | Identified the ring of Mujir {Will+ Int+2 Slay+3 SInv
                  | Stlth-}
 14390 | Lair:5   | Found a viscous altar of Jiyva.
 14390 | Lair:5   | Found a staircase to the Slime Pits.
 14997 | D:12     | Reached skill level 15 in Unarmed Combat
 15367 | D:12     | Found a runed translucent gate.
 15368 | D:12     | Found a runed translucent gate.
 15369 | D:12     | Found a runed translucent gate.
 15372 | D:12     | Noticed lis82's ghost (journeyman DgIE)
 15372 | D:12     | Noticed Drangen's ghost (journeyman GnHu)
 15810 | D:12     | Killed lis82's ghost
 15811 | D:12     | Reached skill level 10 in Shapeshifting
 15822 | D:12     | Killed Drangen's ghost
 15840 | D:12     | Identified the ring "Biddeumm" {Wiz ^Contam rPois rF++ rN+}
 16274 | D:13     | Found a gate to the Vaults.
 16512 | D:13     | Noticed Josephine
 16516 | D:13     | Killed Josephine
 16833 | D:14     | Identified the +0 helmet of the Northern Lights {*Corrode
                  | +Inv Int+4}
 16986 | D:14     | Reached XP level 15. HP: 114/141 MP: 20/20
 17217 | D:14     | Found a glowing golden altar of the Shining One.
 17607 | D:15     | Entered Level 15 of the Dungeon
 17781 | D:15     | Found a staircase to the Depths.
 17924 | D:15     | Found a broken altar of Ashenzari.
 18713 | D:14     | Identified the +0 mace of the Shoals {freeze, rPois Int+4}
 18890 | D:15     | Reached skill level 1 in Evocations
 19088 | D:15     | Reached skill level 1 in Armour
 19152 | D:15     | Reached skill level 16 in Unarmed Combat
 19882 | Orc:1    | Entered Level 1 of the Orcish Mines
 20017 | Orc:2    | Entered Level 2 of the Orcish Mines
 20022 | Orc:2    | Found a staircase to the Elven Halls.
 20092 | Orc:2    | Found a dark tunnel.
 20101 | Volcano  | Entered a volcano
 21234 | Orc:2    | Found Noamnu's Weapon Emporium.
 21235 | Orc:2    | Found Feommarcho's Antique Armour Shoppe.
 21235 | Orc:2    | Found Numpid's Magic Scroll Emporium.
 21236 | Orc:2    | Found Emaqis's Jewellery Emporium.
 21243 | Orc:2    | Bought an encrusted cloak for 294 gold pieces
 21243 | Orc:2    | Identified the +1 cloak "Edghuent" {Rampage} (You bought it
                  | in a shop on level 2 of the Orcish Mines)
 21245 | Orc:2    | Bought a scroll of acquirement for 676 gold pieces
 21324 | Orc:1    | Found Ypnuz's Assorted Antiques.
 21445 | Orc:1    | Bought a scroll of teleportation for 87 gold pieces
 22047 | D:2      | Killed Crazy Yiuf
 22347 | Lair:4   | Killed an acid blob
 22347 | Lair:4   | Killed an acid blob
 22347 | Lair:4   | Killed an acid blob
 22347 | Lair:4   | Killed an acid blob
 22347 | Lair:4   | Killed an azure jelly
 22348 | Lair:4   | Reached XP level 16. HP: 62/153 MP: 22/22
 22359 | Lair:4   | Killed an acid blob
 22360 | Lair:4   | Reached skill level 10 in Dodging
 22644 | Lair:4   | Identified the ring of Understanding {rElec rF+ Will+
                  | Slay+2}
 22713 | Snake:1  | Entered Level 1 of the Snake Pit
 22746 | Snake:1  | Found Rakhliho's Magic Scroll Shop.
 22746 | Snake:1  | Found Yhaggung's Jewellery Boutique.
 22796 | Snake:1  | Found a glacial archway.
 22808 | IceCv    | Entered an ice cave
 22961 | IceCv    | Identified the +0 ice dragon scales of Pathos {Harm rF-
                  | rC++ Str-4 Dex+4}
 23167 | IceCv    | Reached skill level 10 in Invocations
 23536 | IceCv    | Noticed a shard shrike
 23540 | IceCv    | Killed a shard shrike
 23541 | IceCv    | Reached skill level 17 in Unarmed Combat
 24956 | Snake:2  | Reached XP level 17. HP: 79/163 MP: 14/23
 28415 | Snake:4  | Entered Level 4 of the Snake Pit
 29507 | Snake:4  | Noticed Roxanne
 29837 | Snake:4  | Killed Roxanne
 31563 | Snake:4  | Reached skill level 10 in Fighting
 32058 | Snake:4  | Got a serpentine rune of Zot
 32880 | Shoals:1 | Entered Level 1 of the Shoals
 33122 | Shoals:1 | Reached XP level 18. HP: 164/174 MP: 25/25
 33302 | Shoals:1 | Reached skill level 18 in Unarmed Combat
 33323 | Shoals:1 | Found a radiant altar of Vehumet.
 33614 | Shoals:2 | Identified the +0 helmet of the Unbroken {Str+2 Int+7}
 34391 | Shoals:3 | Reached skill level 5 in Shields
 34404 | Shoals:3 | Noticed Polyphemus
 34415 | Shoals:3 | Killed Polyphemus
 35073 | Shoals:4 | Entered Level 4 of the Shoals
 35467 | Shoals:4 | Got a barnacled rune of Zot
 36011 | Elf:1    | Entered Level 1 of the Elven Halls
 36034 | Elf:1    | Noticed Donald
 36047 | Elf:1    | Reached XP level 19. HP: 117/184 MP: 21/27
 36048 | Elf:1    | Killed Donald
 36802 | Elf:1    | Found an ancient bone altar of Kikubaaqudgha.
 36829 | Elf:2    | Reached skill level 19 in Unarmed Combat
 37113 | Elf:2    | Found a runed translucent gate.
 37114 | Elf:2    | Found a runed translucent gate.
 37114 | Elf:2    | Found a runed translucent gate.
 37312 | Elf:3    | Entered Level 3 of the Elven Halls
 37456 | Elf:3    | Identified the +0 ice dragon scales of Dakk {rF- rC++ Dex+5
                  | Stlth+}
 37467 | Elf:3    | Identified the +6 long sword of Patience {freeze, ^Fragile
                  | +Blink Int+4 Dex+3}
 37543 | Elf:3    | Identified the ring of Betyam {Fly rF+ rC+ rN+ Int-2 SInv}
 37687 | Elf:3    | Reached skill level 10 in Throwing
 37735 | Elf:3    | HP: 8/206 [burnt (18)]
 37931 | Orc:2    | Bought a scroll of teleportation for 39 gold pieces
 38078 | Elf:3    | Noticed Boris
 38084 | Elf:3    | Killed Boris
 38462 | Elf:3    | Paralysed by an air elemental for 1 turns
 38467 | Elf:3    | Paralysed by an air elemental for 1 turns
 38541 | Elf:3    | Identified the ring of Binwain {rPois Str+9 Dex-4 Slay+3
                  | SInv}
 38562 | Abyss:2  | Cast into level 2 of the Abyss (a deep elf sorcerer)
 38942 | Elf:3    | Escaped the Abyss
 38956 | Elf:3    | Reached XP level 20. HP: 196/196 MP: 22/28
 39088 | Elf:3    | Got the Secrets of the Gelid Wyrd
 39198 | Elf:3    | Found Fux Uqis's Weapon Shoppe.
 39305 | Elf:3    | Identified the serpent talisman of the Forgotten Planets
                  | {rF+ rN+}
 39305 | Elf:3    | Noticed Aizul
 39308 | Elf:3    | Killed Aizul
 39723 | Vaults:1 | Entered Level 1 of the Vaults
 39862 | Vaults:1 | Found a gateway to a bazaar.
 39892 | Vaults:1 | Noticed Boris
 39904 | Vaults:1 | Killed Boris
 40596 | Vaults:1 | Found a runed translucent door.
 40913 | Vaults:1 | Reached skill level 20 in Unarmed Combat
 41237 | Vaults:2 | Reached skill level 15 in Shapeshifting
 41494 | Vaults:2 | Noticed Zenata
 41508 | Vaults:2 | Killed Zenata
 41598 | Vaults:2 | Found a transporter.
 41598 | Vaults:2 | Found Ruwnupt's Book Shop.
 41691 | Vaults:2 | You are sucked into a shaft and drop 1 floor!
 42212 | Vaults:2 | Reached XP level 21. HP: 206/206 MP: 29/29
 42297 | Vaults:2 | Found a transporter.
 43093 | Vaults:3 | Reached skill level 21 in Unarmed Combat
 43160 | Vaults:3 | Found a staircase to the Crypt.
 43754 | Vaults:4 | Noticed Saint Roka
 43759 | Vaults:4 | Killed Saint Roka
 44315 | Vaults:4 | Got Iludifos's Omnibus of the Arsonist and the Throng
 44791 | Depths:1 | Entered Level 1 of the Depths
 45089 | Depths:1 | Found a runed translucent door.
 45092 | Depths:1 | Found a one-way gateway to a ziggurat.
 45258 | Depths:1 | Paralysed by a wendigo for 1 turns
 45263 | Depths:1 | Found Big Baal Hell's Store.
 45290 | Depths:1 | Found a gateway to Hell.
 45392 | Depths:1 | Reached XP level 22. HP: 176/217 MP: 30/30
 45432 | Depths:1 | Identified the +5 rapier of Cheibriados, Blushing {drain,
                  | rElec}
 45515 | Depths:2 | Reached skill level 10 in Shields
 45555 | Depths:2 | Reached skill level 22 in Unarmed Combat
 45687 | Depths:2 | Found a one-way gate leading to the halls of Pandemonium.
 46265 | Depths:2 | Found a radiant altar of Vehumet.
 46788 | Depths:2 | Noticed a caustic shrike
 46794 | Depths:2 | Killed a caustic shrike
 46834 | Depths:2 | Noticed a golden dragon
 46843 | Depths:2 | Killed a golden dragon
 47063 | Hell     | Entered the Vestibule of Hell
 47063 | Hell     | Noticed Geryon
 47197 | Depths:3 | Noticed a golden dragon
 47206 | Depths:3 | Killed a golden dragon
 47249 | Depths:3 | Noticed a juggernaut
 47260 | Depths:3 | Noticed a golden dragon
 47323 | Depths:3 | Reached XP level 23. HP: 184/228 MP: 31/31
 47598 | Depths:3 | Noticed a juggernaut
 47608 | Depths:3 | Killed a juggernaut
 47685 | Depths:3 | HP: 3/296 [stone giant (29)]
 47695 | Depths:3 | Paralysed by a vampire knight for 4 turns
 47702 | Depths:3 | Reached skill level 15 in Dodging
 47708 | Depths:3 | Noticed a caustic shrike
 47926 | Depths:3 | Reached skill level 23 in Unarmed Combat
 48109 | Depths:3 | Killed a caustic shrike
 48240 | Depths:3 | Paralysed by a vampire knight for 2 turns
 48397 | Depths:3 | Reached skill level 5 in Stealth
 48507 | Depths:3 | Identified the +3 sling "Lirph" {drain, Dex+2}
 48559 | Depths:3 | Killed a juggernaut
 48967 | Depths:4 | Entered Level 4 of the Depths
 49592 | Depths:4 | Found a gate to the Realm of Zot.
 50223 | Crypt:1  | Entered Level 1 of the Crypt
 50853 | Crypt:2  | Reached XP level 24. HP: 240/240 MP: 31/31
 51234 | Crypt:2  | Reached skill level 24 in Unarmed Combat
 51633 | Crypt:3  | Entered Level 3 of the Crypt
 51758 | Crypt:3  | Found a basalt altar of Yredelemnul.
 51909 | Crypt:3  | Got the Essays on Unhallowed Spells
 51922 | Crypt:3  | Identified the +5 war axe "Goemipey" {drain, rElec rF+
                  | Will- Stlth+}
 51924 | Crypt:3  | Identified the staff of Slow Death {+Blink Fly rPois rC-
                  | Dex+9 Alchemy}
 52219 | Crypt:3  | Noticed Jory
 52228 | Crypt:3  | Killed Jory
 52596 | Crypt:3  | Found a staircase to the Tomb.
 52917 | Tomb:1   | Entered Level 1 of the Tomb of the Ancients
 53236 | Vaults:5 | Entered Level 5 of the Vaults
 54001 | Vaults:5 | Noticed a dread lich
 54002 | Vaults:5 | Reached XP level 25. HP: 242/250 MP: 26/31
 54015 | Vaults:4 | Paralysed by a dread lich for 4 turns
 54020 | Vaults:4 | Killed a dread lich
 54205 | Vaults:5 | Reached skill level 25 in Unarmed Combat
 54332 | Vaults:5 | Got Sif Muna's Grimoire of Friendly Clouds
 54824 | Vaults:5 | Identified the ring of the Republic {Wiz ^Drain Str+7}
 55203 | Vaults:5 | Identified the +0 robe of the Kappa {Str+5}
 55271 | Vaults:5 | Got a silver rune of Zot
 55426 | Bazaar   | Entered a bazaar
 55426 | Bazaar   | Found Koeg Reul's General Store.
 55426 | Bazaar   | Found Emuefess's Book Boutique.
 55426 | Bazaar   | Found Doid's Weapon Boutique.
 55426 | Bazaar   | Found Ocworu's Jewellery Shop.
 55440 | Bazaar   | Bought 5 curare-tipped darts for 78 gold pieces
 55450 | Bazaar   | Bought a scroll of enchant armour for 75 gold pieces
 55454 | Bazaar   | Bought the storm talisman of Poaptips {*Corrode Dex-2 SInv
                  | Stlth+} for 1902 gold pieces
 55454 | Bazaar   | Bought the amulet of the Briny Deep {RegenMP Fly rN+ MP+9
                  | Str+3} for 1096 gold pieces
 55746 | Zot:1    | Entered Level 1 of the Realm of Zot
 56000 | Zot:1    | Reached skill level 15 in Fighting
 57157 | Zot:2    | Noticed a Killer Klown
 57160 | Zot:2    | Killed a Killer Klown
 57777 | Zot:2    | Noticed an orb of fire
 57790 | Zot:2    | Killed an orb of fire
 57831 | Zot:2    | HP: 16/328 [red draconian scorcher/bolt of fire (10)]
 57856 | Zot:2    | Reached XP level 26. HP: 95/262 MP: 31/31
 58606 | Zot:3    | You are sucked into a shaft and drop 1 floor!
 58674 | Zot:4    | Reached skill level 26 in Unarmed Combat
 59266 | Zot:3    | Reached skill level 15 in Shields
 59817 | Zot:4    | Noticed an orb of fire
 59822 | Zot:4    | Killed an orb of fire
 60474 | Zot:5    | Entered Level 5 of the Realm of Zot
 61231 | Zot:5    | Noticed an ancient lich
 61243 | Zot:5    | Killed an ancient lich
 61367 | Zot:5    | Noticed an orb of fire
 61427 | Zot:5    | Noticed an orb of fire
 61428 | Zot:5    | Noticed an orb of fire
 61431 | Zot:5    | Gained mutation: You are frail. (-10% HP) [an orb of fire]
 61434 | Zot:5    | Noticed an orb of fire
 61436 | Zot:5    | Killed an orb of fire
 61437 | Zot:5    | Reached XP level 27. HP: 245/245 MP: 31/31
 61442 | Zot:5    | Killed an orb of fire
 61443 | Zot:5    | Killed an orb of fire
 61572 | Zot:5    | Noticed a dread lich
 61575 | Zot:5    | Gained mutation: You occasionally shout uncontrollably at
                  | your foes. [an orb of fire]
 61576 | Zot:5    | Killed an orb of fire
 61579 | Zot:5    | Killed a dread lich
 61706 | Zot:5    | Reached skill level 27 in Unarmed Combat
 63081 | Slime:1  | Entered Level 1 of the Pits of Slime
 63993 | Slime:2  | Gained mutation: You have hidden genetic defects. [a
                  | shining eye]
 64039 | Slime:5  | Entered Level 5 of the Pits of Slime
 64073 | Slime:5  | Noticed the Royal Jelly
 64074 | Slime:5  | Gained mutation: [You are clumsy. (Dex -2)] [a shining eye]
 64085 | Slime:5  | Gained mutation: You sometimes lose your temper in combat.
                  | [a shining eye]
 64089 | Slime:5  | Reached skill level 5 in Evocations
 64090 | Slime:5  | Killed the Royal Jelly
 64157 | Slime:5  | Got a slimy rune of Zot
 64184 | Slime:5  | Identified the ring of the Leaf {rC+ Dex+2}
 64194 | Slime:5  | Identified the +3 robe of Hangman {-Tele rElec Int+7}
 64196 | Slime:5  | Identified the +9 lajatang "Zytynin" {venom, rF+}
 64761 | Lair:5   | Lost mutation: You have hidden genetic defects. [potion of
                  | mutation]
 64761 | Lair:5   | Lost mutation: [You are clumsy. (Dex -2)] [potion of
                  | mutation]
 64761 | Lair:5   | Gained mutation: You are strong-willed. (Will+) [potion of
                  | mutation]
 64761 | Lair:5   | Gained mutation: You have an uncontrollable temper. [potion
                  | of mutation]
 64761 | Lair:5   | Gained mutation: You expend magic power (3 MP) to
                  | strengthen your wands. [potion of mutation]
 64762 | Lair:5   | Lost mutation: You are strong-willed. (Will+) [potion of
                  | mutation]
 64762 | Lair:5   | Lost mutation: You have an uncontrollable temper. [potion
                  | of mutation]
 64762 | Lair:5   | Gained mutation: [Your body sometimes deteriorates upon
                  | taking damage.] [potion of mutation]
 64762 | Lair:5   | Gained mutation: You have large cloven feet. [potion of
                  | mutation]
 64763 | Lair:5   | Lost mutation: You expend magic power (3 MP) to strengthen
                  | your wands. [potion of mutation]
 64763 | Lair:5   | Lost mutation: You have large cloven feet. [potion of
                  | mutation]
 64764 | Lair:5   | Lost mutation: You occasionally shout uncontrollably at
                  | your foes. [potion of mutation]
 64764 | Lair:5   | Lost mutation: You sometimes lose your temper in combat.
                  | [potion of mutation]
 64764 | Lair:5   | Lost mutation: [Your body sometimes deteriorates upon
                  | taking damage.] [potion of mutation]
 64764 | Lair:5   | Gained mutation: [You occasionally lose the ability to read
                  | scrolls when taking damage.] [potion of mutation]
 64764 | Lair:5   | Gained mutation: You expend magic power (3 MP) to
                  | strengthen your wands. [potion of mutation]
 64764 | Lair:5   | Gained mutation: Your movements are slightly less
                  | encumbered by armour. (ER -2) [potion of mutation]
 64765 | Lair:5   | Lost mutation: [You occasionally lose the ability to read
                  | scrolls when taking damage.] [potion of mutation]
 64765 | Lair:5   | Lost mutation: You expend magic power (3 MP) to strengthen
                  | your wands. [potion of mutation]
 64765 | Lair:5   | Gained mutation: You passively map a small area around you.
                  | [potion of mutation]
 64765 | Lair:5   | Gained mutation: You are vulnerable to cold. (rC-) [potion
                  | of mutation]
 64765 | Lair:5   | Gained mutation: You have a pair of small horns on your
                  | head. [potion of mutation]
 64765 | Lair:5   | Gained mutation: You are agile. (Dex +4, Str/Int -1)
                  | [potion of mutation]
 64766 | Lair:5   | Lost mutation: Your movements are slightly less encumbered
                  | by armour. (ER -2) [potion of mutation]
 64766 | Lair:5   | Lost mutation: You have a pair of small horns on your head.
                  | [potion of mutation]
 64766 | Lair:5   | Gained mutation: You are partially covered in large bone
                  | plates. (SH +4) [potion of mutation]
 64766 | Lair:5   | Gained mutation: You have large cloven feet. [potion of
                  | mutation]
 64767 | Lair:5   | Lost mutation: You passively map a small area around you.
                  | [potion of mutation]
 64767 | Lair:5   | Lost mutation: You are partially covered in large bone
                  | plates. (SH +4) [potion of mutation]
 64768 | Lair:5   | Lost mutation: You are vulnerable to cold. (rC-) [potion of
                  | mutation]
 64768 | Lair:5   | Lost mutation: You have large cloven feet. [potion of
                  | mutation]
 64768 | Lair:5   | Lost mutation: You are frail. (-10% HP) [potion of
                  | mutation]
 64768 | Lair:5   | Gained mutation: You have large cloven feet. [potion of
                  | mutation]
 64768 | Lair:5   | Gained mutation: Potions are less effective at restoring
                  | your health. [potion of mutation]
 64768 | Lair:5   | Gained mutation: You have hidden genetic potential. [potion
                  | of mutation]
 64783 | Lair:5   | Upgraded the game from 0.32-a0-39-g5c88369fb2 to
                  | 0.32-a0-119-g2e8054a333
 65373 | Depths:3 | Voluntarily entered the Abyss.
 65615 | Abyss:2  | Gained mutation: Armour fits poorly on your strangely
                  | shaped body. [a cacodemon]
 65853 | Abyss:2  | Found a corrupted altar of Lugonu.
 65885 | Abyss:3  | Found a corrupted altar of Lugonu.
 65942 | Abyss:3  | Found a corrupted altar of Lugonu.
 65971 | Abyss:3  | Noticed a dread lich
 65973 | Abyss:3  | Killed a dread lich
 66304 | Abyss:5  | Upgraded the game from 0.32-a0-119-g2e8054a333 to
                  | 0.32-a0-441-gaf4921d101
 66475 | Abyss:7  | Entered Level 7 of the Abyss
 66539 | Abyss:7  | Paralysed by accursed screaming for 1 turns
 66544 | Depths:3 | Escaped the Abyss
 66820 | Depths:3 | Voluntarily entered the Abyss.
 66820 | Abyss:7  | Entered Level 7 of the Abyss
 66847 | Abyss:7  | Paralysed by accursed screaming for 1 turns
 66853 | Abyss:7  | Paralysed by accursed screaming for 1 turns
 66915 | Abyss:7  | Noticed a dread lich
 66920 | Abyss:7  | Killed a dread lich
 66925 | Abyss:7  | Paralysed by accursed screaming for 2 turns
 66942 | Abyss:7  | HP: 12/358 [hell hog/fireball (10)]
 66945 | Abyss:7  | HP: 4/286 [burnt (6)]
 66948 | Abyss:7  | HP: 1/325 [burnt (3)]
 66949 | Abyss:7  | Incinerated by a smoke demon

Illustrated notes

Levels and vault maps discovered:
D:1:      lemuel_arrival_lava_pool, layout_basic
D:2:      minmay_general_purpose_star, layout_loops_ring,
          basic_ecumenical_altar, basic_altar, uniq_natasha,
          uniq_crazy_yiuf_cottage
D:3:      layout_loops_ring
D:4:      kennysheep_big_flooded_room, layout_basic,
          lightli_ossuary_entry_decrepit_ruins, grunt_decor_arrowhead,
          uniq_grinder, uniq_menkaure
D:5:      layout_basic, minmay_temple_entry_poolview, serial_shops, shop,
          uniq_blork_the_orc, uniq_sigmund, uniq_duvessa
D:6:      layout_basic, serial_shops, shop_statue, mrwooster_statue_mirror
D:7:      layout_loops_ring, mainiacjoe_overflow_chevrons,
          hangedman_abyss_or_decor_stagger, uniq_pikel, uniq_maurice
D:8:      layout_basic, tgw_fedhas, grunt_ministairs_2, minmay_misc_feat_roman,
          kennysheep_diamond, nicolae_shop_overcharged_wands
D:9:      layout_loops_cross, uniq_erica, uniq_gastronok
D:10:     layout_loops_ring, lair_entry_dummy, hiddenorc2_lemuel
D:11:     layout_roguey, uniq_lodul
D:12:     layout_cave_pods, gammafunk_ghost_cemetery
D:13:     layout_basic, hellmonk_vaults_attempted_burglary, uniq_josephine
D:14:     cheibrodos_quadrivalence, layout_grid_maze, tso_metal_star
D:15:     grunt_enter_depths_giant_problem, layout_stronghold,
          serial_column_ruins, column_ruins_hut, column_ruins_open_tiny,
          column_ruins_open_small, column_ruins_open_small,
          column_ruins_open_tiny, column_ruins_open_tiny, column_ruins_grid_4,
          ashenzari_altar_1
Lair:1:   layout_loops_ring
Lair:2:   layout_loops_ring, minmay_shoals_entry_hut,
          guppyfry_snake_entry_island
Lair:3:   layout_regular_city, nicolae_lair_liquid_snakes, grunt_megastairs_3,
          infiniplex_staircase_pool_2, uniq_snorg
Lair:4:   layout_cave_pods, gammafunk_ghost_ooze, infiniplex_staircase_pool
Lair:5:   hellmonk_lair_end_abyssal_woods, layout_cave_shapes,
          dpeg_slime_entry_corner
Shoals:1: layout_shoals, wheals_shoals_ruined_temple
Shoals:2: layout_shoals, nicolae_shoals_kraken_party,
          nicolae_shoals_former_cling_halls
Shoals:3: layout_shoals, uniq_polyphemus
Shoals:4: shoals_end_grunt_garden, layout_shoals
Snake:1:  layout_gridlike, portal_ice_cave_entry_dragon, drop_trap,
          serial_bayou_shore_b, minmay_shoptagon
Snake:2:  layout_grid_shapes
Snake:3:  layout_onion_interference
Snake:4:  minmay_snake_end_coiled, layout_cave_town, uniq_roxanne
Slime:1:  layout_caves
Slime:2:  layout_caves
Slime:3:  cheibrodos_slime_lost_civilization_1, layout_caves
Slime:4:  layout_caves
Slime:5:  slime_pit
Orc:1:    layout_caves, serial_shops, shop
Orc:2:    st_orc_pillars, layout_caves, enter_volcano_3
Elf:1:    layout_gridlike, nicolae_elf_crossing_hall, lemuel_upstairs_altar,
          uniq_donald
Elf:2:    nicolae_elf_blades_crystal_corner, layout_geoelf_grid
Elf:3:    minmay_elf_hall_curves, layout_geoelf_octagon, serial_shops, shop,
          st_stairs_4, uniq_boris, uniq_aizul
Vaults:1: nicolae_vaults_two_Ls, nicolae_vaults_double_plus_1, v_misc_14,
          grunt_vaults_diagonal, nicolae_vaults_apartment_1,
          nicolae_vaults_tetromino_T_2, nicolae_vaults_oozy_zoo,
          layout_vaults_omnigrid, serial_shops, bzr_in_the_mist
Vaults:2: vaults_room_large_hall, vaults_dpeg_spiral, ontoclasm_vaults_hangar,
          nicolae_vaults_more_shelving_1, nicolae_vaults_c_with_doors,
          hangedman_vaults_capsules, v_misc_15,
          ontoclasm_vaults_decontamination, ontoclasm_vaults_eye, v_misc_16,
          hangedman_vaults_nails, vaults_room_door_hall,
          nicolae_vaults_ring_of_whatevers, layout_vaults_ring, serial_shops,
          nicolae_shop_drivethru, uniq_zenata
Vaults:3: nicolae_vaults_alarming, minmay_crypt_entry_simple_plaza, v_misc_26,
          grunt_vaults_twisty, vaults_standard_mumra_enter_the_diamond,
          hangedman_vaults_stitches, nicolae_vaults_specimen_jars,
          nicolae_vaults_turnstiles, nicolae_vaults_two_Ls,
          vaults_mumra_chevron, nicolae_vaults_little_squares_3,
          grunt_vaults_hallway_long, nicolae_vaults_trapezoid_lopsided_1,
          nicolae_vaults_little_squares_3, layout_vaults_omnicross
Vaults:4: nicolae_vaults_little_squares_1, grunt_vaults_funnel,
          nicolae_vaults_triangles, nicolae_vaults_trapezoid_lopsided_1,
          nicolae_vaults_little_squares_4, nicolae_vaults_ninety_degrees,
          nicolae_vaults_little_squares_6, nicolae_vaults_tetromino_Z_2,
          v_misc_30, hangedman_vaults_impose, nicolae_vaults_network_periphery,
          nicolae_vaults_tangram_1, nicolae_vaults_stepped_doors,
          layout_vaults_maze, uniq_saint_roka
Vaults:5: serial_shops
Crypt:1:  layout_chaotic_city, fountainhead
Crypt:2:  layout_chaotic_city, weyrava_ghost_lake
Crypt:3:  evilmike_haunted_forest, uniq_jory
Tomb:1
Depths:1: layout_cave_pools, enter_ziggurat_b, nicolae_hell_entry_big_baal_hell,
          minivault_14, lightli_gold_pyramid
Depths:2: kennysheep_four_of_diamonds, layout_gridlike, rand_demon_pan_entry_5,
          nicolae_vehumet_altar_sigil, grunt_mini_vestibule,
          hangedman_stitches_earthworm, infiniplex_staircase_zigzag_4
Depths:3: minmay_octagon_city, layout_gridville, hell_entry, abyss_entry,
          roderic_roman_lattice, pan_entry, grunt_megastairs_4
Depths:4: evilmike_zot_entry_basic, layout_honeycomb, hell_entry
Hell
Zot:1:    layout_cathedral_of_symmetry, regret_index_zotdec_serpentine_scales
Zot:2:    grunt_zot_stairs_mandelzot, layout_basic
Zot:3:    layout_gridlike, hangedman_zot_diagonal_lockstep
Zot:4:    layout_concentric_octagons, regret_index_zot_stipple_split,
          zot_minivault_1
Zot:5:    layout_gridlike
Abyss:7:  base: D:2, base: Slime:2, base: Vaults:1, due_exit_kobolds,
          hangedman_abyss_rune_macabre_mess, minivault_27,
          evilmike_abyss_exit_chaos, base: Tomb:1, base: Zot:2,
          gammafunk_abyss_rune_reverse_zot, evilmike_abyss_exit_11,
          hangedman_abyss_shoalhut, evilmike_abyss_exit_1,
          evilmike_abyss_rune_tso_outpost

Skill      XL: |  1  2  3  4  5  6  7  8  9 10 11 12 13 14 15 16 17 18 19 20 21 22 23 24 25 26 27 |
---------------+----------------------------------------------------------------------------------+-----
Fighting       | 1 2 3 4 5 6 7 8 9 10 11 12 13 14 15 17 | 17.0
Dodging        | 2 3 4 5 6 7 8 9 10 11 12 13 14 15 16 17 18 19 | 19.9
Unarmed Combat | 4 5 6 8 9 11 12 13 14 15 16 17 18 19 20 21 22 23 24 25 26 27 | 27.0
Invocations    | 1 2 3 4 5 6 7 8 9 10 11 12 13 | 13.0
Throwing       | 1 2 3 4 5 6 7 8 9 10 11 13 | 13.2
Shapeshifting  | 4 5 6 7 8 9 10 11 12 13 14 15 16 17 18 19 20 | 20.4
Stealth        | 1 2 3 4 5 |  5.5
Shields        | 1 2 3 4 6 7 8 9 11 12 13 14 15 17 | 17.6
Evocations     | 1 3 6 |  6.4
Armour         | 1 2 |  2.0
Ranged Weapons | |  0.2

Action                     |  1- 3 |  4- 6 |  7- 9 | 10-12 | 13-15 | 16-18 | 19-21 | 22-24 | 25-27 || total
---------------------------+-------+-------+-------+-------+-------+-------+-------+-------+-------++-------
  Melee: Unarmed           |   106 |   115 |   211 |   485 |   816 |   880 |   861 |   978 |  1265 ||  5717
         Punch             |     5 |     2 |     5 |    29 |     8 |    15 |       |       |       ||    64
         Constrict         |       |       |       |       |   154 |    87 |       |       |       ||   241
         Kick              |       |       |       |       |       |       |       |       |   116 ||   116
   Fire: Hand cannon       |       |       |       |       |       |       |       |       |     1 ||     1
  Throw: Stone             |       |       |     6 |    19 |    26 |   141 |   118 |    98 |       ||   408
         Boomerang         |       |       |       |     8 |       |    19 |    94 |       |   134 ||   255
         Dart              |       |       |       |    23 |     1 |       |       |       |       ||    24
         Large rock        |       |       |       |       |       |       |       |    51 |   125 ||   176
         Javelin           |       |       |       |       |       |       |       |       |     4 ||     4
 Invoke: Slouch            |       |       |       |     1 |    10 |     8 |     2 |     8 |    34 ||    63
         Step From Time    |       |       |       |       |       |     1 |     2 |     6 |     9 ||    18
  Evoke: Wand              |       |       |       |     6 |    12 |     1 |       |     6 |       ||    25
         Tin of tremorston |       |       |       |       |     2 |     3 |     4 |     2 |     6 ||    17
         Phantom mirror    |       |       |       |       |       |     1 |       |     1 |     3 ||     5
         Lightning rod     |       |       |       |       |       |       |       |     4 |       ||     4
         Box of beasts     |       |       |       |       |       |       |       |       |     4 ||     4
         Phial of floods   |       |       |       |       |       |       |       |       |     1 ||     1
    Use: Scroll            |       |     6 |     7 |    14 |    14 |     9 |     4 |    10 |    31 ||    95
         Potion            |       |       |     3 |       |     6 |     3 |     6 |     7 |    21 ||    46
   Stab: Sleeping          |     1 |     1 |     6 |     1 |    15 |    15 |    21 |    12 |     6 ||    78
         Distracted        |       |       |     1 |     1 |     3 |     4 |     2 |     2 |     4 ||    17
 Armour: Animal skin       |    52 |    83 |   162 |   295 |    58 |       |       |       |       ||   650
         Skin              |       |       |     8 |    18 |   487 |   753 |   575 |   756 |  1150 ||  3747
         Fire dragon scale |       |       |       |       |    39 |    15 |       |       |       ||    54
         Ice dragon scales |       |       |       |       |       |    73 |       |       |       ||    73
  Dodge: Dodged            |    46 |    66 |   115 |   332 |   596 |   800 |   457 |   609 |  1048 ||  4069
  Block: Other             |       |       |       |    32 |   172 |   114 |       |       |       ||   318
         Reflection        |       |       |       |       |    17 |    86 |   141 |    33 |    85 ||   362
         Tower shield      |       |       |       |       |       |   711 |  1238 |  1702 |  2204 ||  5855
   Form: Beast             |       |       |     1 |     1 |     2 |     1 |       |       |       ||     5
         Flux              |       |       |     1 |     1 |       |       |       |       |       ||     2
         Serpent           |       |       |       |       |     5 |     2 |       |       |       ||     7
         Blade             |       |       |       |       |     3 |     1 |       |       |       ||     4
         Maw               |       |       |       |       |     1 |     1 |       |       |       ||     2
         Statue            |       |       |       |       |       |     1 |       |       |     2 ||     3
                           |       |       |       |       |       |       |       |       |     1 ||     1
         Storm             |       |       |       |       |       |       |       |       |     1 ||     1

Table legend: (Time is in decaauts)
 A = Elapsed time spent in this place.
 B = Non-inter-level travel time spent in this place.
 C = Inter-level travel time spent in this place.
 D = Time resting spent in this place.
 E = Time spent auto-exploring this place.
 F = Levels seen in this place.
 G = Mean time per level.
                   A        B        C        D        E       F      G
               +--------+--------+--------+--------+--------+-----+--------+
         Total | 134467 | 117556 |  16911 |  12475 |  82316 |  69 | 1948.8 |
       Dungeon |  24406 |  20123 |   4283 |   1352 |  15463 |  15 | 1627.1 |
          Lair |  10829 |   9132 |   1697 |    664 |   6984 |   5 | 2165.8 |
        Shoals |   7588 |   6942 |    646 |    219 |   4891 |   4 | 1897.0 |
     Snake Pit |  14884 |  13598 |   1286 |   4774 |   7282 |   4 | 3721.0 |
    Slime Pits |   3668 |   3496 |    172 |    610 |   1844 |   5 |  733.6 |
  Orcish Mines |   3046 |   2083 |    963 |     74 |   1471 |   2 | 1523.0 |
   Elven Halls |   9167 |   7377 |   1790 |    524 |   5025 |   3 | 3055.7 |
        Vaults |  18098 |  15972 |   2126 |   1415 |  12089 |   5 | 3619.6 |
         Crypt |   7589 |   6757 |    832 |      0 |   5124 |   3 | 2529.7 |
          Tomb |     51 |     51 |      0 |      0 |      0 |   1 |   51.0 |
        Depths |  13445 |  11699 |   1746 |   1159 |   8353 |   4 | 3361.2 |
          Hell |      8 |      8 |      0 |      0 |      0 |   1 |    8.0 |
           Zot |  15456 |  14090 |   1366 |   1354 |  10407 |   5 | 3091.2 |
         Abyss |   3564 |   3564 |      0 |    117 |   1789 |   8 |  445.5 |
        Bazaar |    135 |    135 |      0 |      0 |     54 |   1 |  135.0 |
       Ossuary |    433 |    433 |      0 |     37 |    239 |   1 |  433.0 |
      Ice Cave |   1472 |   1472 |      0 |    151 |    946 |   1 | 1472.0 |
       Volcano |    620 |    620 |      0 |     23 |    351 |   1 |  620.0 |
               +--------+--------+--------+--------+--------+-----+--------+

Top non-repeatable levels by time:
 Snake:4: 5283 daAuts
Depths:2: 4705 daAuts
 Snake:3: 4566 daAuts
Depths:3: 4166 daAuts
Vaults:1: 4152 daAuts
Vaults:4: 4093 daAuts
 Crypt:3: 3864 daAuts
   Elf:3: 3670 daAuts
   Zot:1: 3649 daAuts
Vaults:2: 3641 daAuts
 Snake:1: 3536 daAuts
   Zot:5: 3480 daAuts
   Zot:4: 3227 daAuts
Vaults:5: 3170 daAuts
Vaults:3: 3041 daAuts
